 Dungeon Crawl Stone Soup version 0.31.0-12-g77e489cdc1 (webtiles) character file.

Game seed: 9319606130120229671

70 gohu the Magician (level 4, 0/33 HPs)
             Began as a Djinni Fire Elementalist on Mar 6, 2024.
             Slain by an orc
             ... wielding a +0 hand axe
              (6 damage)
             ... on level 3 of the Dungeon.
             The game lasted 00:04:12 (1630 turns).

gohu the Magician (Djinni Fire Elementalist)        Turns: 1630, Time: 00:04:13

Health: 0/33       AC:  3    Str:  7    XL:     4   Next: 44%
Gold:   127        EV: 27    Int: 18    God:
                   SH:  0    Dex: 14

rFire   + + .        (no weapon)
rCold   x . .        (no shield)
rNeg    . . .        a - +0 robe
rPois   ∞            c - +0 helmet
rElec   .            (no cloak)
rCorr   .            (no gloves)
SInv    .            (boots unavailable)
Will    .....        j - amulet of the acrobat
Stlth   ++           (no ring)
HPRegen 0.25/turn    (no ring)
MPRegen 0.00/turn

%: acrobat, infuse magic (-1 HP)
@: acrobatic, flying
A: sickness immunity, fire resistance 2, cold vulnerability 1, float, innate
caster, HP casting, extra vitality 1
a: no special abilities


You were on level 3 of the Dungeon.
You visited 1 branch of the dungeon, and saw 3 of its levels.

You collected 127 gold pieces.

Inventory:

Armour
 a - a +0 robe (worn)
 c - a +0 helmet (worn)
Jewellery
 i - a ring of protection from fire
 j - an amulet of the acrobat (around neck)
Scrolls
 b - 5 scrolls of identify {unknown}
 d - a scroll of brand weapon {unknown}
 e - a scroll of poison {unknown}
 g - a scroll of immolation {unknown}
 h - a scroll of summoning {unknown}
 l - 2 scrolls of noise {unknown}
 m - a scroll of teleportation {unknown}
Potions
 f - a potion of invisibility {unknown}
 k - a potion of curing {unknown}


   Skills:
 + Level 1.8 Fighting
 - Level 2.1 Dodging
 - Level 1.5 Stealth
 * Level 4.0 Spellcasting
 * Level 4.0 Conjurations
 * Level 4.0 Hexes
   Level 0.0 Charms
 * Level 4.0 Summonings
 * Level 4.0 Necromancy
 * Level 4.0 Translocations
   Level 0.0 Transmutations
 * Level 4.0 Fire Magic
 * Level 4.0 Ice Magic
 * Level 4.0 Air Magic
 * Level 4.0 Earth Magic
 * Level 4.0 Alchemy


You knew the following spells:

 Your Spells              Type           Power      Damage    Failure   Level
a - Foxfire               Conj/Fire      72%        2x1d7     2%          1
b - Scorch                Fire           36%        2d6       4%          2
c - Volatile Blastmotes   Fire/Tloc      36%        2d13      9%          3
d - Inner Flame           Hex/Fire       18%        N/A       9%          3
e - Flame Wave            Conj/Fire      18%        2d7       28%         4
f - Kiss of Death         Conj/Necr      72%        2d10      2%          1
Your spell library was empty.

Dungeon Overview and Level Annotations

Branches:
Dungeon (3/15)

Altars:


Innate Abilities, Weirdness & Mutations

You are immune to sickness and miasma.
You are immune to poison.
Your flesh is very heat resistant. (rF++)
You are vulnerable to cold. (rC-)
You float through the air rather than walking.
You learn spells naturally, not from books.
Your magical power is your life essence.
You have superior vitality. (+4 MHP)


Message History

Deactivating autopickup; reactivate with Ctrl-A.
You hear a shout!
The cloud of blastmotes explodes!
The concussive blast engulfs the orc!!
You kill the orc!
An orc priest comes into view. It is wielding a +0 dagger.
Something tries to affect you, but you resist.
Casting: Volatile Blastmotes (quite dangerous; 9% risk of failure)
Confirm with . or Enter, or press ? or * to list all spells.
You conjure some foxfire!
The foxfire hits the orc but does no damage.
Casting: Foxfire (safe; 2% risk of failure)
Confirm with . or Enter, or press ? or * to list all spells.
You conjure some foxfire!
The foxfire hits the orc priest.
The orc priest is moderately wounded.
The foxfire hits something but does no damage.
The foxfire hits something.
The orc priest casts a cantrip, but nothing happens.
Casting: Foxfire (safe; 2% risk of failure)
Confirm with . or Enter, or press ? or * to list all spells.
You conjure some foxfire!
Something hits you.
The foxfire hits something. x2; Something barely misses you.
Casting: Foxfire (safe; 2% risk of failure)
Confirm with . or Enter, or press ? or * to list all spells.
You conjure some foxfire!
Something completely misses you.
The foxfire hits the orc.
The orc is severely wounded.
The foxfire hits the orc priest.
The orc priest is heavily wounded.
The orc priest begins to cast a cantrip, but forgets the words!
A kobold comes into view. It is wielding a +0 club.
Something completely misses you. The orc completely misses you.
The orc priest mumbles some strange prayers to Beogh against you.
Beogh smites you!
* * * LOW HITPOINT WARNING * * *
A magic dart appears from out of thin air!
The magic dart hits you.
* * * LOW HITPOINT WARNING * * *
The kobold shouts!
The orc hits you with a +0 hand axe.
You die...

... ... ..... .....
.. #...#
....#####...# .
............#..
#####@.......
#....o.......
#####.#........K.
###...>...{..#.##..
#.......#.o......).
#......#)..<.#####
#........#...#
#.......###.##
#....)### #.#


You could see an orc priest, an orc and a kobold.

Vanquished Creatures
  Robin (D:2)
  2 adders (D:2)
  A dart slug (D:1)
  4 orcs (D:3)
  9 goblins
  5 hobgoblins (D:2)
  2 kobolds (D:1)
  2 quokkas
  A ball python (D:1)
  4 bats
  3 frilled lizards
  A rat (D:1)
35 creatures vanquished.

Vanquished Creatures (others)
  119 foxfires
119 creatures vanquished.

Grand Total: 154 creatures vanquished

Notes
Turn   | Place    | Note
-------+----------+-------------------------------------------
     0 | D:1      | gohu the Djinni Fire Elementalist began the quest for the
                  | Orb.
     0 | D:1      | gohu set off with the following spells memorised: Foxfire,
                  | Scorch, Volatile Blastmotes, Inner Flame, Flame Wave.
     0 | D:1      | Reached XP level 1. HP: 15/15 MP: 0/0
   206 | D:1      | Reached XP level 2. HP: 22/22 MP: 0/0
   586 | D:2      | Reached skill level 1 in Fighting
   589 | D:2      | Noticed Robin
   598 | D:2      | Killed Robin
   599 | D:2      | Reached XP level 3. HP: 20/27 MP: 0/0
   599 | D:2      | Learned a level 1 spell: Kiss of Death
   989 | D:2      | Reached XP level 4. HP: 20/32 MP: 0/0
  1630 | D:3      | Slain by an orc

Illustrated notes

Levels and vault maps discovered:
D:1:      lemuel_arrival_rhombus, layout_basic
D:2:      layout_basic, uniq_robin, uniq_crazy_yiuf_cottage
D:3:      layout_rooms, beargit_hepliaklqana_dungeon_heroes,
          portal_sewer_entry_f, goddamned_bats

Skill      XL: |  1  2  3  4 |
---------------+-------------+-----
Fighting       | 1 |  1.8
Spellcasting   | 4 |  4.0
Conjurations   | 4 |  4.0
Hexes          | 4 |  4.0
Summonings     | 4 |  4.0
Necromancy     | 4 |  4.0
Translocations | 4 |  4.0
Fire Magic     | 4 |  4.0
Ice Magic      | 4 |  4.0
Air Magic      | 4 |  4.0
Earth Magic    | 4 |  4.0
Alchemy        | 4 |  4.0
Dodging        | |  2.1
Stealth        | |  1.5

Action                     |  1- 3 |  4- 6 || total
---------------------------+-------+-------++-------
   Cast: Foxfire           |    54 |    15 ||    69
         Volatile Blastmot |     1 |     3 ||     4
 Armour: Robe              |    14 |     6 ||    20
  Dodge: Dodged            |    12 |     5 ||    17
